 Dungeon Crawl Stone Soup version 0.14-a0-1876-g927fc3a (webtiles) character file.

880357 Egon the Infernalist (level 27, -3/198 HPs)
             Began as a Djinni Wizard on Jan 11, 2014.
             Was the Champion of Vehumet.
             Slain by a spatial maelstrom (18 damage)
             ... on Level 5 of the Abyss on Jan 14, 2014.
             The game lasted 15:31:20 (140024 turns).

Egon the Infernalist (Djinni Wizard)              Turns: 140024, Time: 15:31:21

HP  -3/198       AC 21     Str  8      XL: 27
MP   0/0         EV 21     Int 31      God: Vehumet [******]
Gold 8886        SH 12     Dex 12      Spells: 15 memorised, 25 levels left

rFire  + + +     SeeInvis +     b - staff of energy
rCold  + . .     Clarity  .     A - +4 troll leather armour
rNeg   + + +     Conserve +     N - +1 buckler {AC+3}
rPois  +         rCorr    +     p - +2 helmet of Meome {rPois SInv Stlth++ Curse}
rElec  .         rRot     .     E - +2 cloak {rCorr, Cons}
SustAb . .       Spirit   .     j - +0 pair of elf gloves
rMut   +         Warding  .     (boots unavailable)
Saprov . . .     Stasis   .     M - amulet of resist mutation
MR     ++...                    V - ring of protection from cold
                                f - +5 ring of protection

@: flying, very slightly contaminated, hasted, delayed fireball, very quick,
very resistant to hostile enchantments, quite stealthy
A: fire immunity, cold vulnerability, cold resistance 1, deformed body, frail 1,
magic resistance 1, life protection 3, regeneration 1, slow healing 1
a: Renounce Religion, Release Delayed Fireball
}: 4/15 runes: decaying, serpentine, slimy, silver


You were on level 5 of the Abyss.
You worshipped Vehumet.
Vehumet was exalted by your worship.
You were not hungry.

You visited 14 branches of the dungeon, and saw 71 of its levels.
You visited the Abyss 3 times.
You also visited: Sewer, Ossuary, Ice Cave and Volcano.

You collected 9443 gold pieces.
You spent 557 gold pieces at shops.

Inventory:

Hand weapons
 a - the +1,+5 war axe of Turmoil {freeze, +Fly rElec rC++}
   (You found it on level 12 of the Dungeon)

   It has been specially enchanted to freeze those struck by it, causing extra
   injury to most foes and up to double damage against particularly susceptible
   opponents.
   It can also slow down cold-blooded creatures.
   It greatly protects you from cold.
   It insulates you from electricity.
   It lets you fly.
Armour
 j - a +0 pair of elven gloves (worn)
 p - the +2 helmet of Meome (worn) {rPois SInv Stlth++ Curse}
   (You found it on level 5 of the Depths)

   It protects you from poison.
   It enhances your eyesight.
   It may recurse itself when equipped.
   It makes you much more stealthy.
 A - a +4 troll leather armour (worn)
 E - a +2 cloak of preservation (worn)
 N - a +1 buckler of protection (worn)
Magical devices
 l - a wand of random effects (15)
 n - a wand of teleportation (1)
 r - a wand of hasting (0)
 z - a wand of fireball (3)
 I - a wand of digging (7)
Scrolls
 e - a scroll of amnesia
 k - a scroll of silence
 q - 3 scrolls of enchant weapon II
 t - 2 scrolls of fog
 w - 2 scrolls of remove curse
 C - a scroll of immolation
 D - a scroll of vulnerability {unknown}
 F - 2 scrolls of fear
 G - 4 scrolls of blinking
 K - 5 scrolls of teleportation
 R - a scroll of magic mapping
Jewellery
 f - a +5 ring of protection (left hand)
 h - the ring "Wetwua" {Wiz Dex+3 Acc+6}
   (You found it on level 2 of the Depths)

   [ring of wizardry]

   It affects your dexterity (+3).
   It affects your accuracy (+6).
 m - an uncursed amulet of stasis
 s - the ring "Schitzack" {+Inv rPois AC+2 Stlth++}
   (You took it off a deep elf sorcerer on level 3 of the Elven Halls)

   [ring of protection]

   It affects your AC (+2).
   It protects you from poison.
   It lets you turn invisible.
   It makes you much more stealthy.
 x - the amulet of the Eleven Places {rCorr Str+2 Int+2}
   (You found it in a volcano)

   [amulet of resist corrosion]

   It affects your strength (+2).
   It affects your intelligence (+2).
 M - an amulet of resist mutation (around neck)
 S - the ring of Ephemeral Luck {Wiz Str+2 Int+3}
   (You took it off an ironheart preserver on level 5 of the Vaults)

   [ring of wizardry]

   It affects your strength (+2).
   It affects your intelligence (+3).
 T - the ring "Steoka" {+/*Tele rElec Int+1}
   (You took it off an octopode on level 5 of the Depths)

   [ring of teleportation]

   It affects your intelligence (+1).
   It insulates you from electricity.
 V - a ring of protection from cold (right hand)
 Y - the ring of Guohat {SustAb rN+}
   (You took it off a yaktaur on level 5 of the Vaults)

   [ring of sustain abilities]

   It protects you from negative energy.
Potions
 c - 4 potions of heal wounds
 g - 3 potions of restore abilities
 o - a potion of resistance
 u - a potion of magic
 v - 7 potions of curing
 H - a potion of speed
Magical staves
 b - an uncursed staff of energy (weapon)
Miscellaneous
 d - a fan of gales
 i - a disc of storms
 y - a stone of tremors
 B - a plain deck of defence {Battlelust}


   Skills:
 - Level 8.7 Fighting
 + Level 19.3 Dodging
 - Level 1.5 Stealth
 - Level 7.0 Shields
 O Level 27 Spellcasting
 O Level 27 Conjurations
 - Level 24.7 Charms
   Level 1.0 Summonings
 - Level 1.0 Translocations
 O Level 27 Fire Magic
 + Level 24.2 Evocations


You had 25 spell levels left.
You knew the following spells:

 Your Spells              Type           Power        Failure   Level  Hunger
a - Flame Tongue          Conj/Fire      #####        0%          1    None
b - Throw Flame           Conj/Fire      ######       0%          2    None
c - Mephitic Cloud        Conj/Pois/Air  #######.     1%          3    None
d - Conjure Flame         Conj/Fire      ########     0%          3    None
e - Repel Missiles        Chrm/Air       #######...   0%          2    None
f - Bolt of Fire          Conj/Fire      ########..   0%          6    None
h - Haste                 Chrm           ########     0%          6    None
i - Iskenderun's Mystic   Conj           ########     0%          4    None
k - Blink                 Tloc           N/A          1%          2    None
l - Fireball              Conj/Fire      ########..   0%          5    None
m - Magic Dart            Conj           ####         0%          1    None
o - Orb of Destruction    Conj           ########..   1%          7    None
r - Fire Storm            Conj/Fire      ########..   1%          9    None
t - Swiftness             Chrm/Air       #######.     0%          2    None
y - Delayed Fireball      Conj/Fire      N/A          1%          7    None


Dungeon Overview and Level Annotations

Branches:
Dungeon (16/16)            Temple (1/1) D:7             Orc (4/4) D:10
    Elf (3/3) Orc:3          Lair (8/8) D:10          Swamp (5/5) Lair:5
  Snake (5/5) Lair:3        Slime (6/6) Lair:6       Vaults (5/5) D:15
  Blade (1/1) Vaults:4       Tomb (0/3) Forest:2       Hell (1/1)
    Zot (5/5) Depths:6     Forest (5/5) Vaults:3     Depths (6/6) D:16
    Dis: Hell:1         Geh: Hell:1         Coc: Hell:1         Tar: Hell:1

Altars:
Ashenzari
Cheibriados
Elyvilon
Fedhas
Kikubaaqudgha
Makhleb
Nemelex Xobeh
Okawaru
Sif Muna
Trog
Vehumet
Xom
Yredelemnul
Zin
the Shining One
Beogh
Jiyva

Shops:
D:6 /   D:9 (   D:11 [   D:12 !   D:15 [   Orc:3 ([(?   Orc:4 *[}(   Elf:1 %
Snake:1 %   Vaults:2 :   Vaults:4 ?   Depths:4 (

Portals:
Hell: Depths:1 Depths:2 Depths:3 Depths:4 Depths:5 Depths:6
Abyss: Depths:2 Depths:4 Depths:5
Pandemonium: Depths:3 Depths:4
Ziggurat: Depths:6
Trove: D:15 (give wand of heal wounds (8))


Innate Abilities, Weirdness & Mutations

You are immune to all types of fire, even holy and hellish.
You are vulnerable to cold.
You need no food.
You have no legs.
You are immune to negative energy.
Your flesh is cold resistant.
You are resistant to hostile enchantments.
Your natural rate of healing is unusually fast.
[Armour fits poorly on your strangely shaped body.]
[You are frail (-10% HP).]
[You heal slowly when monsters are visible.]


Message History

* * * LOW HITPOINT WARNING * * *
The wretched star pulses with an eldritch light!
Your body twists and deforms.
The jumping spider leaps!
An ice devil comes into view.
The wretched star pulses with an eldritch light!
Your natural healing is weakened.
You feel frail. The spatial maelstrom misses you.
The spatial maelstrom hits you!
* * * LOW HITPOINT WARNING * * *
You feel strangely stable.
Unknown command.
Evoke which item? (* to show all) (? for menu, Esc to quit)
Zapping:
r - a wand of hasting (1)
Press: ? - help, Shift-Dir - straight line, f - you You feel yourself speed up.
This wand has 0 charges left.
The jumping spider misses you. You block the jumping spider's attack.
The spatial maelstrom hits you.
* * * LOW HITPOINT WARNING * * *
Space warps horribly around you!
You die...

. . .#.......
.#........
.........#
#........#.
#..#.....#..
+............
#+#.......#....
#...@v..........
++..sX....#.....#
#...............
+#..*...#........
#3.....v*$.......%
#..4..............
##.............#..
............ . . .
#.... ...........


You could see a spatial maelstrom, 2 wretched stars, an ice devil, a spatial
vortex, a large abomination, an iron devil and a jumping spider.

Vanquished Creatures
  the royal jelly (Slime:6)
  10 orbs of fire
  Tiamat (Zot:2)
  4 ancient liches
  Saint Roka (Swamp:3)
  Sojobo (Vaults:5)
  Norris (Swamp:3)
  the Enchantress (Forest:5)
  An azure jelly (shapeshifter) (Depths:1)
  Mara (Forest:5)
  Mennas (Forest:2)
  4 Killer Klowns
  Geryon (Hell)
  2 curse toes (Zot:5)
  14 golden dragons
  Jory (Depths:4)
  3 profane servitors (Abyss:3)
  Xtahua (Depths:6)
  15 bone dragons
  5 electric golems
  3 hellephants
  23 Orb Guardians (Zot:5)
  19 tentacled monstrosities
  A quicksilver dragon (Abyss:3)
  A Shadow Fiend (Abyss:3)
  2 titans (Depths:5)
  The ghost of Piginabag the Warrior, a mighty DsMo of Okawaru (Elf:3)
  6 liches
  The ghost of Gorice the Destroyer, a mighty DsCj of Sif Muna (Snake:5)
  18 acid blobs
  2 deep elf blademasters (Elf:3)
  2 deep elf master archers (Elf:3)
  An Executioner (Abyss:1)
  2 sphinxes
  13 storm dragons
  3 thorn hunters
  Rupert (Snake:2)
  Agnes (Elf:1)
  13 azure jellies
  7 draconian monks
  11 shadow dragons
  Roxanne (Swamp:3)
  2 revenants
  3 draconian knights
  10 tengu reavers
  12 fire giants
  9 frost giants
  Donald (Snake:2)
  Wiglaf (Forest:5)
  3 ghouls
  23 tentacled starspawn
  A ghost moth (shapeshifter) (Depths:5)
  Maud (Lair:3)
  11 draconian scorchers
  The ghost of ReteAZ the Severer, a powerful DDNe of Makhleb (Snake:2)
  8 deep elf sorcerers
  An iron dragon (Hell)
  9 ghost moths
  Louise (D:16)
  11 vault wardens
  An emperor scorpion (Abyss:3)
  2 cacodemons
  2 draconian zealots
  Gastronok (Lair:3)
  2 balrugs
  An angel (Abyss:3)
  3 ancient bears
  11 reapers
  11 greater nagas (Snake:5)
  4 draconian annihilators
  The ghost of M4edhros the Hoplite, a powerful OpCK of Fedhas (Slime:6)
  6 treants
  5 draconian callers
  44 stone giants
  6 draconian shifters
  10 spriggan defenders
  2 lorocyprocas
  6 eidola
  5 vampire knights
  9 deep elf demonologists
  8 elemental wellsprings
  10 dire elephants
  7 grey draconians
  6 green deaths
  6 deep elf annihilators
  3 apis
  5 satyrs
  10 green draconians
  Azrael (Snake:2)
  7 purple draconians
  2 blizzard demons
  11 white draconians
  9 mottled draconians
  15 red draconians
  8 yellow draconians
  12 pale draconians
  10 black draconians
  An unborn (Depths:4)
  8 deep elf death magi
  19 spriggan air magi
  2 merfolk impalers (Depths:5)
  6 death oozes (Slime:6)
  Snorg (Lair:4)
  33 ettins
  3 jiangshi (Abyss:1)
  6 great orbs of eyes
  15 ironheart preservers
  16 fire dragons
  31 vault guards
  6 deep elf high priests
  35 yaktaur captains
  A mummy priest (Forest:2)
  Fannar (D:13)
  2 salamanders
  64 spriggans
  A quicksilver dragon skeleton (Abyss:4)
  Harold (D:16)
  Josephine (D:10)
  10 death cobs
  A ravenous feature mimic (Snake:1)
  2 ravenous item mimics
  8 ice dragons
  Nessos (Elf:1)
  22 hydras
  22 dancing weapons
  6 anacondas
  Erica (D:16)
  19 ogre magi
  4 spriggan assassins
  4 spriggan enchanters (Forest:4)
  An alligator snapping turtle (shapeshifter) (Depths:5)
  An anaconda (shapeshifter) (Vaults:5)
  11 death yaks
  A deep dwarf death knight (Abyss:3)
  25 deep troll earth magi
  3 spriggan druids
  11 alligators
  19 thrashing horrors
  21 spriggan berserkers
  5 rakshasas
  4 tengu warriors
  3 titan zombies (Depths:4)
  16 deep troll shamans
  3 vampire magi (Abyss:3)
  41 naga warriors
  18 wretched stars
  15 hell knights
  An orc high priest (Orc:4)
  5 hell hogs
  18 very ugly things
  7 soul eaters
  8 dryads
  2 fire crabs (Vaults:3)
  29 centaur warriors
  15 iron trolls
  Nergalle (Lair:3)
  An iron golem (Vaults:4)
  6 unseen horrors
  A catoblepas (Abyss:1)
  15 deep elf knights
  A titan skeleton (Depths:4)
  10 water nymphs
  12 sun demons
  2 spatial maelstroms
  6 ice devils
  A kraken simulacrum (Zot:1)
  5 shadow wraiths
  58 large abominations
  2 death drakes (Abyss:3)
  19 skeletal warriors
  3 golden dragon zombies (Depths:4)
  Erolcha (D:13)
  2 swamp dragons (Swamp:4)
  A ghost moth zombie (Abyss:3)
  An unseen horror (shapeshifter) (Depths:3)
  2 spectral hydras (Swamp:5)
  2 giant orange brains
  19 hill giants
  3 ice statues
  9 flayed ghosts
  31 fauns
  11 ironbrand convokers
  A shadow dragon zombie (Depths:4)
  5 wizards
  2 golden dragon skeletons (Depths:4)
  25 deep trolls
  19 giant amoebae
  2 lindwurms
  4 harpies (Vaults:5)
  8 orc knights
  2 hellions (Abyss:4)
  10 deep elf conjurers
  15 necromancers
  3 flaming corpses
  Joseph (Orc:3)
  2 stone giant zombies
  9 oklob plants
  A shadow dragon skeleton (Abyss:4)
  A deathcap (Zot:5)
  A wolf spider zombie (D:14)
  A frost giant zombie (Depths:4)
  2 orc sorcerers
  A fire giant zombie (Vaults:3)
  45 black mambas
  9 shining eyes
  6 red wasps
  8 wolf spiders
  25 moths of wrath
  10 sixfirhies
  A spectral elf (Elf:3)
  A draconian (shapeshifter) (Depths:4)
  9 phantasmal warriors
  7 spiny worms
  8 deep elf summoners
  2 apocalypse crabs
  2 cyclopes (shapeshifter)
  3 griffons
  A red wasp (shapeshifter) (D:16)
  18 elephants
  2 cyclopes (D:15)
  10 vault sentinels
  A frost giant skeleton (Abyss:1)
  6 octopodes
  A guardian serpent (shapeshifter) (Depths:5)
  Maurice (Orc:3)
  3 eyes of devastation
  A black mamba (shapeshifter) (Depths:5)
  11 orange demons
  2 octopodes (shapeshifter)
  A feature mimic (D:10)
  2 stone giant skeletons
  6 tormentors
  12 guardian serpents
  2 vapours (Abyss:3)
  An eye of devastation (shapeshifter) (Vaults:5)
  7 spirit wolves
  A grey draconian zombie (Zot:5)
  28 spiny frogs
  13 smoke demons
  83 yaktaurs
  A red draconian zombie (Abyss:1)
  2 swamp worm zombies (Swamp:5)
  8 fire drakes
  An iron troll zombie (Depths:4)
  4 efreet
  9 guardian mummies
  16 blue devils
  2 mermaids (shapeshifter)
  36 naga magi
  3 orb spiders
  A green draconian skeleton (Abyss:1)
  7 red devils
  20 deep elf priests
  4 hellwings
  4 wandering mushrooms (Zot:5)
  2 demonic crawlers
  26 giant fireflies
  5 tengu conjurers
  2 death drake zombies (Abyss:4)
  A queen bee (Lair:3)
  50 raiju
  3 hydra zombies
  9 jumping spiders
  22 komodo dragons
  17 ancient zymes
  2 giant fireflies (shapeshifter)
  12 giant leeches
  A polar bear (Forest:3)
  An iron troll skeleton (Abyss:1)
  Sonja (Snake:1)
  14 wind drakes
  5 iron devils
  43 two-headed ogres
  A griffon zombie (D:15)
  A troll (shapeshifter) (Vaults:2)
  A wind drake (shapeshifter) (Depths:1)
  6 baby alligators
  2 polar bears (shapeshifter)
  16 thorn lotuses
  A jumping spider (shapeshifter) (Vaults:2)
  A blink frog (shapeshifter) (Depths:2)
  21 fire vortices
  6 trolls
  3 boulder beetles
  2 hydra skeletons
  26 air elementals
  9 brown oozes
  A frost giant simulacrum (Vaults:2)
  9 bog bodies
  5 alligator zombies (Swamp:5)
  142 slime creatures
  2 guardian serpent zombies
  4 death drake skeletons (Abyss:4)
  A basilisk (shapeshifter) (Vaults:4)
  5 basilisks
  A raven (Swamp:2)
  3 spectral swamp dragons (Swamp:5)
  An ettin zombie (Vaults:3)
  6 grizzly bears
  4 trapdoor spiders
  54 blink frogs
  12 flying skulls
  3 wyverns
  4 vampires
  21 ynoxinuls
  An ettin skeleton (Vaults:4)
  A griffon skeleton (D:16)
  7 guardian serpent skeletons
  6 tarantellas
  A formicid (shapeshifter) (Depths:5)
  6 shadows
  2 metal gargoyles (Hell)
  26 redbacks
  19 golden eyes
  2 hogs (D:7)
  8 wraiths
  8 sharks
  A trapdoor spider (shapeshifter) (Depths:2)
  A wyvern (shapeshifter) (Vaults:5)
  2 fire bats (shapeshifter)
  A hill giant zombie (D:14)
  100 yaks
  13 fire bats
  Eustachio (D:5)
  27 water elementals
  A merfolk (Abyss:1)
  78 ugly things
  3 steam dragons (Lair:8)
  A human (shapeshifter) (Elf:2)
  6 elephant slugs
  6 fire elementals
  26 deep elf magi
  2 tarantellas (shapeshifter)
  32 deep elf fighters
  2 merfolk (shapeshifter) (Depths:5)
  26 vampire mosquitoes
  17 chaos spawn
  2 hell beasts
  20 humans (D:15)
  58 wolves
  18 neqoxecs
  8 mottled dragons
  A wolf (shapeshifter) (Vaults:1)
  6 spatial vortices
  16 hippogriffs
  3 hungry ghosts
  An iron troll simulacrum (Vaults:4)
  Edmund (Orc:1)
  17 hell hounds
  Menkaure (D:5)
  2 hydra simulacra (Zot:1)
  A mottled draconian simulacrum (Abyss:1)
  3 manticores
  16 swamp drakes
  50 small abominations
  A guardian serpent simulacrum (Abyss:1)
  12 necrophages
  56 swamp worms
  A yellow wasp (shapeshifter) (Vaults:5)
  A dwarf (shapeshifter) (Depths:2)
  6 ice beasts
  126 nagas
  53 orc warriors
  6 sky beasts
  6 freezing wraiths
  18 porcupines
  59 ogres
  3 swamp dragon zombies (Swamp:5)
  30 giant goldfish
  4 phantoms
  2 black bears
  A sky beast (shapeshifter) (Depths:6)
  A tengu (shapeshifter) (Depths:1)
  77 starcursed masses
  6 lava worms
  56 centaurs
  9 tengu
  A blink frog zombie (Abyss:3)
  28 crocodiles
  An ettin simulacrum (Abyss:1)
  3 blink frog skeletons
  A boring beetle (shapeshifter) (Vaults:5)
  A boring beetle (Abyss:1)
  Duvessa (Orc:1)
  A lost soul (Elf:3)
  12 wargs
  A brain worm (shapeshifter) (Depths:2)
  9 giant slugs
  2 yaktaur zombies
  2 komodo dragon zombies
  An octopode zombie (Abyss:3)
  4 elf zombies (Elf:1)
  A rotting devil (Depths:4)
  A giant slug (shapeshifter) (Vaults:1)
  6 brain worms
  2 glowing shapeshifter simulacra
  A silver statue (Zot:5)
  15 agate snails
  7 big kobolds
  41 water moccasins
  2 deep troll simulacra
  21 insubstantial wisps
  11 yellow wasps
  28 giant frogs
  11 eyes of draining
  22 jellyfish
  A boulder beetle zombie (D:15)
  A cyclops skeleton (D:16)
  A troll zombie (D:8)
  2 eyes of draining (shapeshifter)
  An orb spider zombie (Abyss:3)
  18 electric eels
  A hippogriff zombie (D:5)
  77 killer bees
  11 lava snakes
  14 wights
  A hippogriff skeleton (D:11)
  6 lava fish
  3 centaur zombies
  4 human zombies
  2 soldier ant zombies (D:10)
  Dowan (Orc:1)
  15 crimson imps
  15 jellies
  5 spiders
  A two-headed ogre zombie (D:7)
  A giant frog zombie (D:11)
  3 goliath beetles
  19 orc priests
  A gnoll shaman (D:8)
  18 hounds
  Crazy Yiuf (D:3)
  5 quasits
  A basilisk zombie (D:16)
  18 big fish
  31 orc wizards
  8 orange rats
  13 scorpions
  14 iguanas
  9 iron imps
  14 sheep
  A spectral swamp drake (Swamp:5)
  9 worker ants
  A big kobold zombie (Ossuary)
  2 killer bee zombies
  2 ogre zombies
  Ijyb (D:3)
  A centaur simulacrum (D:10)
  7 boggarts
  An ogre skeleton (D:4)
  Terence (D:3)
  A hound skeleton (D:4)
  8 mummies
  7 orange rat zombies (Hell)
  A swamp drake zombie (Swamp:5)
  2 worker ant zombies (D:8)
  A gnoll (shapeshifter) (Vaults:5)
  44 adders
  18 gnolls
  7 giant centipedes
  63 green rats
  10 lemures
  6 orange rat skeletons (Hell)
  6 giant mites
  6 shadow imps
  13 white imps
  A goliath beetle zombie (D:11)
  An orange rat simulacrum (Hell)
  24 worms
  33 ufetubi
  3 adder zombies (D:8)
  4 scorpion zombies (Ossuary)
  An adder skeleton (D:4)
  5 grey rats
  An iguana skeleton (D:10)
  18 giant eyeballs
  11 giant geckos
  3 oozes
  An ooze (shapeshifter) (Depths:5)
  196 orcs
  4 ball pythons
  35 bats
  5 giant cockroaches
  2 gnoll zombies (Ossuary)
  22 goblins
  23 hobgoblins
  33 jackals
  20 quokkas
  4 training dummies (Orc:3)
  2 giant gecko zombies
  6 giant newts
  2 giant spores
  A goblin zombie (Ossuary)
  A hobgoblin zombie (Ossuary)
  3 illusory rakshasas
  43 kobolds
  3 lurking horrors
  An orc skeleton (D:4)
  2 orc zombies (Ossuary)
  33 rats
  A rat skeleton (D:6)
  2 rat zombies
  2 spectral orcs (Lair:3)
  2 ballistomycetes
  8 bushes
  3 butterflies
  A crawling corpse (Elf:2)
  13 fungi
  80 plants
  A snaplasher vine (Forest:2)
  3 starspawn tentacles
  4 starspawn tentacle segments (Abyss:3)
5254 creatures vanquished.

Vanquished Creatures (collateral kills)
  A tentacled monstrosity (Depths:5)
  2 Orb Guardians (Zot:5)
  3 acid blobs
  4 thorn hunters (Forest:5)
  A titan (Depths:2)
  A storm dragon (Zot:5)
  2 shadow dragons
  A revenant (Abyss:1)
  2 frost giants
  A cacodemon (Abyss:3)
  5 vault wardens
  A draconian knight (Zot:3)
  2 tentacled starspawn
  A draconian shifter (Zot:2)
  2 draconian annihilators
  A reaper (Abyss:3)
  4 stone giants
  2 greater nagas
  A draconian caller (Zot:1)
  A green draconian (Zot:5)
  A spriggan defender (Forest:4)
  A grey draconian (Zot:5)
  A deep elf annihilator (Elf:3)
  2 mottled draconians (Zot:3)
  A black draconian (Zot:2)
  5 purple draconians
  A white draconian (Depths:6)
  2 ettins
  An unborn (Depths:4)
  A spriggan air mage (Forest:5)
  2 vault guards (Vaults:4)
  6 yaktaur captains
  A death cob (Zot:4)
  2 great orbs of eyes
  2 ironheart preservers
  2 ice dragons
  A deep troll shaman (Depths:6)
  A hell hog (Abyss:1)
  6 naga warriors
  Urug (Elf:1)
  A titan skeleton (Depths:4)
  A deep elf knight (Abyss:1)
  A skeletal warrior (Abyss:3)
  A deep troll (Vaults:3)
  A shadow wraith (Hell)
  An ice devil (Abyss:3)
  2 orc knights (Vaults:2)
  A lindwurm (Lair:8)
  A large abomination (Abyss:3)
  3 fauns
  A griffon (Vaults:2)
  A deep elf conjurer (Elf:3)
  An elephant (Lair:6)
  A stone giant zombie (Depths:4)
  A sixfirhy (Abyss:3)
  An eye of devastation (Slime:3)
  A guardian serpent (shapeshifter) (Depths:6)
  A moth of wrath (Zot:3)
  A vault sentinel (Vaults:1)
  A stone giant skeleton (Vaults:3)
  An orange demon (Depths:4)
  A smoke demon (Abyss:3)
  A spiny frog (Swamp:1)
  3 naga magi
  3 raiju
  A demonic crawler (Abyss:3)
  A giant firefly (Lair:8)
  A hydra zombie (Swamp:5)
  A baby alligator (Swamp:5)
  A giant leech (Swamp:4)
  A spectral swamp dragon (Swamp:5)
  A spriggan (Forest:4)
  A thorn lotus (Forest:5)
  An iron troll skeleton (Depths:4)
  A jumping spider (Abyss:3)
  4 two-headed ogres
  A bog body (Swamp:5)
  A brown ooze (Slime:6)
  8 slime creatures
  An alligator zombie (Swamp:5)
  2 air elementals
  An ettin zombie (Depths:1)
  A boulder beetle (Vaults:4)
  2 blink frogs
  A ynoxinul (Abyss:3)
  4 redbacks
  6 ugly things
  A deep elf mage (Elf:1)
  A shark (Hell)
  5 water elementals
  A yak (Abyss:1)
  A chaos spawn (Abyss:3)
  2 golden eyes
  3 wolves
  2 deep elf fighters
  A spatial vortex (Abyss:4)
  4 small abominations
  An ice beast (shapeshifter) (Abyss:2)
  2 nagas
  2 yellow wasps
  A porcupine (shapeshifter) (Vaults:1)
  5 ogres
  A swamp dragon zombie (Swamp:5)
  A tengu (Depths:2)
  2 centaurs
  2 giant frogs
  An eye of draining (Slime:1)
  4 killer bees
  3 wights (Abyss:4)
  4 starcursed masses
  4 jellies
  An orange rat (Hell)
  2 sheep
  3 boggarts
  A lemure (Abyss:3)
  A gnoll (shapeshifter) (Depths:5)
  An adder (Snake:1)
  A giant centipede (Abyss:1)
  3 white imps
  A green rat (Abyss:1)
  2 shadow imps
  4 ufetubi
  2 giant eyeballs
  4 bats
  A rat (Abyss:1)
  4 crawling corpses (Elf:2)
  2 plants
  A starspawn tentacle segment (Abyss:3)
240 creatures vanquished.

Vanquished Creatures (others)
  A draconian shifter (Zot:3)
  An elemental wellspring (Depths:5)
  A naga warrior (Snake:4)
  A sixfirhy (Abyss:3)
  1792 fire vortices
  A deep elf fighter (Elf:1)
  A small abomination (Abyss:3)
  2 killer bees (Lair:3)
  A crimson imp (D:14)
  A centaur zombie (Ossuary)
  3 scorpions (Ossuary)
  A lemure (Abyss:3)
  4 ufetubi (IceCv)
  A scorpion zombie (Ossuary)
  2 giant spores
  A gnoll zombie (Ossuary)
  2 goblin zombies (Ossuary)
  7 fungi
  20 plants
  25 snaplasher vine segments (Forest:2)
  30 starspawn tentacles
  139 starspawn tentacle segments
2037 creatures vanquished.

Grand Total: 7531 creatures vanquished

Notes
Turn   | Place    | Note
--------------------------------------------------------------
     0 | D:1      | Egon, the Djinni Wizard, began the quest for the Orb.
     0 | D:1      | Reached XP level 1. HP: 15/15 MP: 0/0
   161 | D:1      | Reached skill level 1 in Fighting
   396 | D:1      | Reached XP level 2. EP: 11/24
  1741 | D:2      | Reached skill level 4 in Spellcasting
  1853 | D:1      | Learned a level 2 spell: Blink
  2008 | D:1      | Reached XP level 3. EP: 6/32
  2134 | D:1      | Learned a level 3 spell: Mephitic Cloud
  2138 | D:1      | Learned a level 3 spell: Conjure Flame
  2565 | D:2      | Reached XP level 4. EP: 3/40
  4265 | D:2      | Learned a level 2 spell: Repel Missiles
  4358 | D:3      | Noticed a centaur
  4360 | D:3      | Noticed a centaur
  4360 | D:3      | Noticed a centaur
  4362 | D:3      | Killed a centaur
  4362 | D:3      | Reached skill level 5 in Spellcasting
  4362 | D:3      | Reached XP level 5. EP: 3/50
  4362 | D:3      | Killed a centaur
  4362 | D:3      | Reached XP level 6. EP: 3/59
  4718 | D:3      | Noticed Terence
  4751 | D:3      | Killed Terence
  5044 | D:3      | Killed a centaur
  5177 | D:3      | Noticed Crazy Yiuf
  5186 | D:3      | Killed Crazy Yiuf
  5820 | D:4      | Reached skill level 6 in Spellcasting
  5842 | D:4      | Reached XP level 7. EP: 17/67
  6274 | D:3      | Noticed Ijyb
  6291 | D:3      | Killed Ijyb
  6978 | D:5      | Entered Level 5 of the Dungeon
  7098 | D:4      | Found a glowing drain.
  7102 | Sewer    | Entered a sewer
  7339 | Sewer    | Reached skill level 5 in Conjurations
  7794 | Sewer    | Found a white marble altar of Elyvilon.
  7890 | D:4      | Gained mutation: Your natural rate of healing is unusually fast. [potion of beneficial mutation]
  7891 | D:4      | Gained mutation: You are resistant to hostile enchantments. [potion of beneficial mutation]
  7892 | D:4      | Gained mutation: Your flesh is cold resistant. [potion of beneficial mutation]
  8707 | D:5      | Reached skill level 7 in Spellcasting
  8823 | D:5      | Found a sand-covered staircase.
  8832 | Ossuary  | Entered an ossuary
  8846 | Ossuary  | Reached XP level 8. EP: 62/77
  9202 | Ossuary  | Reached skill level 5 in Fighting
  9619 | D:5      | Noticed Menkaure
  9638 | D:5      | Killed Menkaure
  9753 | D:5      | Noticed Eustachio
  9788 | D:5      | Killed Eustachio
  9788 | D:5      | Reached skill level 8 in Spellcasting
 10256 | D:6      | Reached XP level 9. EP: 36/87
 10279 | D:6      | Found Haezoz's Magical Wand Shoppe.
 10661 | D:7      | Reached skill level 9 in Spellcasting
 10686 | D:7      | Found a staircase to the Ecumenical Temple.
 10691 | Temple   | Entered the Ecumenical Temple
 10817 | Temple   | Became a worshipper of Vehumet
 10864 | Temple   | Identified a +0 rod of the swarm (13/13) (You found it on level 6 of the Dungeon)
 11694 | D:6      | Acquired Vehumet's first power
 11694 | D:6      | Offered knowledge of Sandblast by Vehumet.
 11768 | D:6      | Learned a level 1 spell: Flame Tongue
 11852 | D:6      | Paralysed by a giant eyeball for 3 turns
 11858 | D:6      | Paralysed by a giant eyeball for 4 turns
 11915 | D:6      | Reached skill level 1 in Fire Magic
 12241 | D:6      | Learned a level 2 spell: Throw Flame
 12945 | D:7      | Reached XP level 10. EP: 50/99
 13103 | D:7      | Offered knowledge of Sting by Vehumet.
 13517 | D:8      | Reached skill level 5 in Fire Magic
 13678 | D:8      | Offered knowledge of Static Discharge by Vehumet.
 14266 | D:8      | Acquired Vehumet's second power
 14623 | D:8      | Learned a level 5 spell: Fireball
 14697 | D:8      | Offered knowledge of Iskenderun's Mystic Blast by Vehumet.
 14703 | D:8      | Learned a level 4 spell: Iskenderun's Mystic Blast
 15081 | D:9      | Found Nisorch's Antique Weapon Shop.
 15090 | D:9      | Bought a faintly glowing flail for 221 gold pieces
 15091 | D:9      | Identified the +6,+10 flail of Dismemberment {venom, rElec rC- Dex-2 Stlth+} (You bought it in a shop on level 9 of the Dungeon)
 15287 | D:9      | Reached skill level 10 in Spellcasting
 15853 | D:9      | Acquired Vehumet's third power
 16170 | D:9      | Reached XP level 11. EP: 61/107
 16614 | D:9      | Offered knowledge of Ignite Poison by Vehumet.
 17092 | D:10     | Entered Level 10 of the Dungeon
 17118 | D:10     | Reached skill level 1 in Shields
 17295 | D:10     | Noticed a hill giant
 17303 | D:10     | Killed a hill giant
 17524 | D:10     | Found a staircase to the Lair.
 18141 | D:10     | Noticed Josephine
 18148 | D:10     | Killed Josephine
 18148 | D:10     | Reached skill level 5 in Shields
 18295 | D:10     | Noticed a hill giant
 18302 | D:10     | Noticed a hill giant
 18305 | D:10     | Killed a hill giant
 18312 | D:10     | Killed a hill giant
 18471 | D:10     | Found a staircase to the Orcish Mines.
 18731 | D:10     | Reached skill level 10 in Conjurations
 18879 | Lair:1   | Entered Level 1 of the Lair of Beasts
 18980 | D:11     | Reached skill level 11 in Spellcasting
 19306 | D:11     | Found Xiemecug's Armour Emporium.
 19409 | D:11     | Offered knowledge of Conjure Ball Lightning by Vehumet.
 19751 | D:11     | Noticed a hill giant
 19893 | D:11     | Killed a hill giant
 19893 | D:11     | Reached skill level 10 in Fire Magic
 19893 | D:11     | Reached XP level 12. EP: 73/115
 20339 | D:11     | Noticed an eight-headed hydra
 20656 | D:12     | Found Mnaragexko's Distillery.
 20660 | D:12     | Bought 2 potions of heal wounds for 72 gold pieces
 20712 | D:12     | Found a frozen archway.
 20719 | IceCv    | Entered an ice cave
 20944 | IceCv    | Reached skill level 12 in Spellcasting
 22196 | D:12     | Got a jewelled war axe
 22197 | D:12     | Identified the +1,+5 war axe of Turmoil {freeze, +Fly rElec rC++} (You found it on level 12 of the Dungeon)
 22948 | D:13     | Noticed Erolcha
 22958 | D:13     | Killed Erolcha
 23007 | D:13     | Found a deep blue altar of Sif Muna.
 23008 | D:13     | Offered knowledge of Olgreb's Toxic Radiance by Vehumet.
 23033 | D:13     | Found a shimmering altar of Xom.
 23048 | D:13     | Found a deep blue altar of Sif Muna.
 23064 | D:13     | Found a white marble altar of Elyvilon.
 23064 | D:13     | Noticed Fannar
 23082 | D:13     | Killed Fannar
 23225 | D:13     | Found a deep blue altar of Sif Muna.
 23234 | D:13     | Found an iron altar of Okawaru.
 23796 | D:13     | Noticed an eidolon
 23810 | D:13     | Killed an eidolon
 23957 | D:13     | Got a slimy long sword
 23963 | D:13     | Identified the +6,+4 long sword of Fury {flame, Int+3} (You found it on level 13 of the Dungeon)
 24266 | Lair:1   | Identified a scroll of acquirement
 24535 | Lair:1   | Reached XP level 13. EP: 108/122
 24565 | Lair:1   | Found a shattered altar of Ashenzari.
 24576 | Lair:1   | Reached skill level 13 in Spellcasting
 26107 | Lair:2   | Offered knowledge of Delayed Fireball by Vehumet.
 26617 | Lair:2   | Learned a level 7 spell: Delayed Fireball
 26648 | Lair:2   | Found a dark tunnel.
 26668 | Volcano  | Entered a volcano
 27030 | Volcano  | Got a transparent pewter amulet
 28044 | Lair:1   | Identified the amulet of the Eleven Places {rCorr Str+2 Int+2} (You found it in a volcano)
 28209 | Lair:3   | Got a pitted cloak
 28213 | Lair:3   | Identified the -2 cloak of Depression {Dex+1 Int+2} (You found it on level 3 of the Lair of Beasts)
 28502 | Lair:3   | Noticed Nergalle
 28547 | Lair:3   | Offered knowledge of Bolt of Magma by Vehumet.
 28706 | Lair:2   | Reached skill level 14 in Spellcasting
 29140 | Lair:3   | Noticed Gastronok
 29192 | Lair:3   | Found a staircase to the Snake Pit.
 29240 | Lair:3   | Noticed Maud
 29545 | Orc:1    | Entered Level 1 of the Orcish Mines
 29550 | Orc:1    | Noticed Edmund
 29561 | Orc:1    | Killed Edmund
 30283 | Orc:1    | Noticed Dowan
 30284 | Orc:1    | Noticed Duvessa
 30289 | Orc:1    | Killed Dowan
 30291 | Orc:1    | Killed Duvessa
 30662 | Orc:1    | Found a roughly hewn altar of Beogh.
 30754 | Orc:3    | Found a staircase to the Elven Halls.
 30790 | Orc:3    | Found Nuzutto's Armour Shop.
 30936 | Orc:3    | Found Fugetaod's Antique Weapon Shoppe.
 30979 | Orc:3    | Found Brodog's Magic Scroll Shop.
 31279 | Orc:3    | Noticed Maurice
 31322 | Orc:3    | Noticed Joseph
 31401 | Orc:3    | Found Fohypsey's Weapon Boutique.
 31474 | Orc:3    | Offered knowledge of Poison Arrow by Vehumet.
 31652 | Orc:3    | Killed Maurice
 32091 | Orc:3    | Killed Joseph
 33017 | Orc:4    | Entered Level 4 of the Orcish Mines
 34402 | Orc:4    | Reached XP level 14. EP: 114/130
 34690 | Orc:4    | Found Tiurirch's Gadget Boutique.
 34690 | Orc:4    | Found Hiclicry's Antique Armour Shoppe.
 34693 | Orc:4    | Found Prapteul's Assorted Antiques.
 34695 | Orc:4    | Found Thaon's Weapon Shop.
 34726 | Orc:4    | Bought a scroll of blinking for 187 gold pieces
 34726 | Orc:4    | Bought 2 fizzy pink potions for 61 gold pieces
 34953 | Orc:4    | Offered knowledge of Iron Shot by Vehumet.
 36628 | D:15     | Entered Level 15 of the Dungeon
 36745 | D:15     | Found Striloa's Antique Armour Emporium.
 36845 | D:15     | Bought a glowing orcish cloak for 16 gold pieces
 36900 | D:15     | Reached skill level 15 in Spellcasting
 36963 | D:15     | Offered knowledge of Bolt of Fire by Vehumet.
 36980 | D:15     | Learned a level 6 spell: Bolt of Fire
 37120 | D:15     | Reached skill level 15 in Fire Magic
 38092 | D:15     | Found a gate to the Vaults.
 38243 | D:15     | Found a portal to a secret trove of treasure.
 38446 | D:15     | Reached skill level 15 in Conjurations
 38490 | D:15     | Offered knowledge of Fire Storm by Vehumet.
 38490 | D:15     | Offered knowledge of Shatter by Vehumet.
 38490 | D:15     | Offered knowledge of Chain Lightning by Vehumet.
 38859 | D:15     | Reached skill level 16 in Fire Magic
 39200 | D:16     | Entered Level 16 of the Dungeon
 39210 | D:16     | Noticed Harold
 39213 | D:16     | Killed Harold
 39213 | D:16     | Reached XP level 15. EP: 118/137
 39579 | D:15     | Learned a level 9 spell: Fire Storm
 39678 | D:16     | Noticed Erica
 39679 | D:16     | Killed Erica
 39722 | D:16     | Noticed Louise
 39726 | D:16     | Killed Louise
 40648 | D:16     | Noticed a fire giant
 40654 | D:16     | Found a staircase to the Depths.
 40658 | D:16     | Killed a fire giant
 41530 | Lair:3   | Killed Maud
 41562 | Lair:3   | Killed Nergalle
 41679 | Lair:3   | Reached skill level 17 in Fire Magic
 41795 | Lair:3   | Killed Gastronok
 42556 | Lair:4   | Noticed Snorg
 42559 | Lair:4   | Killed Snorg
 42603 | Lair:5   | Found a staircase to the Swamp.
 44022 | Lair:6   | Got a faintly glowing lead ring
 44523 | Lair:6   | Reached XP level 16. EP: 120/145
 44584 | Lair:6   | Found a viscous altar of Jiyva.
 44585 | Lair:6   | Found a staircase to the Slime Pits.
 45758 | Lair:7   | Reached skill level 18 in Fire Magic
 47487 | Lair:8   | Entered Level 8 of the Lair of Beasts
 49425 | Lair:1   | Identified the ring of Gynokhav {Fire rN+ Str-1 SInv Stlth+} (You found it on level 6 of the Lair of Beasts)
 49798 | Swamp:1  | Entered Level 1 of the Swamp
 51255 | Swamp:2  | Reached skill level 19 in Fire Magic
 52580 | Swamp:3  | Reached XP level 17. EP: 136/151
 52901 | Swamp:3  | Noticed Saint Roka
 52983 | Swamp:3  | Killed Saint Roka
 53240 | Swamp:3  | Noticed Roxanne
 53241 | Swamp:3  | Noticed Norris
 53315 | Swamp:3  | Killed Norris
 53740 | Swamp:3  | Killed Roxanne
 55421 | Swamp:5  | Entered Level 5 of the Swamp
 55608 | Swamp:5  | Reached skill level 20 in Fire Magic
 57427 | Swamp:5  | Noticed a bone dragon
 57571 | Swamp:5  | Killed a bone dragon
 57904 | Swamp:5  | Got a decaying rune of Zot
 58132 | Lair:1   | Learned a level 2 spell: Swiftness
 58303 | Vaults:1 | Entered Level 1 of the Vaults
 59078 | Vaults:1 | Reached skill level 21 in Fire Magic
 59131 | Vaults:1 | Reached XP level 18. EP: 28/158
 60369 | Vaults:2 | Identified the Incunabulum of Dark Rites and the Glacier
 61132 | Vaults:2 | Found a glowing golden altar of the Shining One.
 61187 | Vaults:2 | Reached skill level 22 in Fire Magic
 61228 | Vaults:2 | Found Neor's Book Shoppe.
 61802 | Vaults:3 | Found a staircase to the Enchanted Forest.
 62477 | Vaults:3 | Got a creamy pearl robe
 62479 | Vaults:3 | Got a steaming wizard hat
 62491 | Vaults:3 | Found a radiant altar of Vehumet.
 62514 | Vaults:3 | Got an ancient wizard hat
 62554 | Vaults:3 | Got a dazzling wizard hat
 62556 | Vaults:3 | Got a brightly glowing robe
 62924 | Vaults:3 | Identified the cursed +2 wizard hat "Ani Pha" {Dex+3 Acc+2} (You found it on level 3 of the Vaults)
 62925 | Vaults:3 | Identified the cursed -4 wizard hat "Shelekiu" {rC+ Dam+5} (You found it on level 3 of the Vaults)
 62925 | Vaults:3 | Identified the cursed -4 wizard hat of Vexation {Stlth++} (You found it on level 3 of the Vaults)
 62925 | Vaults:3 | Identified the cursed -1 robe "Ghinn" {+Inv rElec rPois} (You took it off a tengu conjurer on level 3 of the Vaults)
 62926 | Vaults:3 | Identified the cursed -2 robe of the Blessed Realm {rF+ rC++} (You found it on level 3 of the Vaults)
 63098 | Vaults:3 | Reached XP level 19. EP: 94/163
 63313 | Vaults:3 | Reached skill level 23 in Fire Magic
 64779 | Vaults:4 | Found Schaec's Magic Scroll Shoppe.
 65857 | Vaults:4 | Found a staircase to the Hall of Blades.
 66182 | Vaults:4 | Learned a level 7 spell: Orb of Destruction
 66270 | Vaults:5 | Entered Level 5 of the Vaults
 66563 | Snake:1  | Entered Level 1 of the Snake Pit
 66722 | Snake:1  | Reached skill level 24 in Fire Magic
 67507 | Snake:1  | Found Maixerie's Food Emporium.
 67638 | Snake:1  | Noticed Sonja
 67639 | Snake:1  | Killed Sonja
 68016 | Snake:2  | Noticed Donald
 68018 | Snake:2  | Killed Donald
 68029 | Snake:2  | Noticed Rupert
 68032 | Snake:2  | Killed Rupert
 68202 | Snake:2  | Got an iridescent cutlass
 68438 | Snake:2  | Noticed ReteAZ's ghost (powerful DDNe)
 68478 | Snake:2  | Killed ReteAZ's ghost
 68541 | Snake:2  | Noticed Azrael
 68547 | Snake:2  | Killed Azrael
 70010 | Snake:3  | Reached XP level 20. EP: 151/170
 71476 | Snake:5  | Entered Level 5 of the Snake Pit
 71476 | Snake:5  | Noticed Gorice's ghost (mighty DsCj)
 71806 | Snake:5  | Reached skill level 25 in Fire Magic
 72169 | Snake:5  | Identified the cursed +4,+0 cutlass of the Weasel {venom, Dex-1} (You found it on level 2 of the Snake Pit)
 72318 | Snake:5  | Killed Gorice's ghost
 73398 | Snake:5  | Got a serpentine rune of Zot
 74509 | Elf:1    | Entered Level 1 of the Elven Halls
 74735 | Elf:1    | Noticed Nessos
 74736 | Elf:1    | Killed Nessos
 74850 | Elf:1    | Identified Khufu's Reference Book on Evil
 74926 | Elf:1    | Found Myfayps' Food Shop.
 75162 | Elf:1    | Noticed Agnes
 75165 | Elf:1    | Killed Agnes
 75199 | Elf:1    | Reached skill level 26 in Fire Magic
 75325 | Elf:1    | Noticed Urug
 75327 | Elf:1    | Killed Urug
 76322 | Elf:2    | Reached XP level 21. EP: 156/175
 77005 | Elf:3    | Entered Level 3 of the Elven Halls
 77398 | Elf:3    | Noticed Piginabag's ghost (mighty DsMo)
 77411 | Elf:3    | Killed Piginabag's ghost
 77826 | Elf:3    | Got a twitching iron amulet
 77827 | Elf:3    | Got a twisted dagger
 78155 | Elf:3    | Identified the Compendium of Monotheism
 78245 | Elf:3    | Got a shimmering granite ring
 78246 | Elf:3    | Got a steaming cutlass
 78252 | Elf:3    | Got a crystal mace
 78267 | Elf:3    | Identified the +4,+7 cutlass of Beogh's Hatred {elec, -Tele rPois Dex+1 Int+1 Stlth-} (You took it off a deep elf sorcerer on level 3 of the Elven Halls)
 78268 | Elf:3    | Identified the +6,+3 mace of Propriety {flame, Str+3} (You found it on level 3 of the Elven Halls)
 78303 | Elf:3    | Identified the cursed amulet of Schiestret {rCorr Str+1 Dex-3} (You took it off a deep elf demonologist on level 3 of the Elven Halls)
 78474 | Lair:1   | Identified the ring "Schitzack" {+Inv rPois AC+2 Stlth++} (You took it off a deep elf sorcerer on level 3 of the Elven Halls)
 78631 | Depths:1 | Entered Level 1 of the Depths
 78772 | Depths:1 | Reached skill level 27 in Fire Magic
 79299 | Depths:1 | Found a gateway to Hell.
 79707 | Depths:2 | Found a one-way gate to the infinite horrors of the Abyss.
 81373 | Depths:2 | Got a transparent long sword
 81377 | Depths:2 | Identified a +1 cloak of preservation (You found it on level 2 of the Depths)
 81377 | Depths:2 | Identified the cursed +2,-2 long sword of the Four Ghosts {vamp, Dex-2} (You found it on level 2 of the Depths)
 81385 | Depths:2 | Got a shimmering steel ring
 81540 | Depths:2 | Reached XP level 22. EP: 165/182
 81695 | Depths:2 | Got a twisted short sword
 83786 | Depths:3 | Found a one-way gate leading to the halls of Pandemonium.
 84526 | Depths:3 | Upgraded the game from 0.14-a0-1844-g8283a67 to 0.14-a0-1863-gcc20582
 85021 | Depths:4 | Found Wejoesos' Antique Weapon Boutique.
 86412 | Depths:4 | Reached skill level 27 in Conjurations
 86718 | Depths:4 | Noticed Jory
 86722 | Depths:4 | Killed Jory
 87566 | Depths:5 | Reached XP level 23. EP: 163/188
 87739 | Depths:5 | Got a brightly glowing jade ring
 90788 | Depths:5 | Identified the cursed -1,+8 short sword of Guxzeap {elec, rPois rF+ MR++ SInv} (You found it on level 2 of the Depths)
 90792 | Depths:5 | Identified the ring "Wetwua" {Wiz Dex+3 Acc+6} (You found it on level 2 of the Depths)
 90794 | Depths:5 | Identified the ring "Steoka" {+/*Tele rElec Int+1} (You took it off an octopode on level 5 of the Depths)
 91309 | Depths:5 | Got a slimy helmet
 91311 | Depths:5 | Got a heavily runed brass ring
 91316 | Depths:5 | Identified the +2 helmet of Meome {rPois SInv Stlth++ Curse} (You found it on level 5 of the Depths)
 91316 | Depths:5 | Identified the ring "Loibuipn" {Str-3 Dex+1 Int+1} (You found it on level 5 of the Depths)
 91592 | Depths:5 | Got a silk robe
 91640 | Depths:5 | Got a crude war axe
 92115 | Lair:1   | Identified the +0 robe of Hangman {+Blink} (You took it off a deep elf annihilator on level 5 of the Depths)
 92120 | Lair:1   | Identified a +1 cloak of preservation (You found it on level 5 of the Depths)
 92122 | Lair:1   | Identified the +1,+5 war axe of Optimality {chop, SInv} (You found it on level 5 of the Depths)
 92356 | Hell     | Entered the Vestibule of Hell
 92356 | Hell     | Noticed Geryon
 92363 | Hell     | Killed Geryon
 93115 | Depths:1 | Reached XP level 24. EP: 141/196
 96348 | Depths:6 | Entered Level 6 of the Depths
 96848 | Depths:6 | Found a shimmering altar of Xom.
 96949 | Depths:6 | Found a gate to the Realm of Zot.
 97076 | Depths:6 | Found a gateway to a ziggurat.
 97434 | Depths:6 | Noticed Xtahua
 97446 | Depths:6 | Killed Xtahua
 98847 | Slime:1  | Entered Level 1 of the Pits of Slime
100616 | Forest:1 | Entered Level 1 of the Enchanted Forest
100787 | Forest:1 | Reached XP level 25. EP: 131/203
102213 | Forest:2 | Found a radiant altar of Vehumet.
103678 | Forest:2 | Found a staircase to the Tomb.
103799 | Forest:3 | Reached skill level 27 in Spellcasting
103805 | Forest:3 | Reached skill level 1 in Evocations
103823 | Forest:3 | Noticed Mennas
104785 | Forest:2 | Killed Mennas
105098 | Forest:3 | Reached skill level 5 in Evocations
105530 | Forest:3 | Reached skill level 5 in Dodging
106132 | Forest:3 | Got a warped cloak
106215 | Forest:4 | Found a shattered altar of Ashenzari.
108211 | Forest:4 | Reached skill level 10 in Evocations
108430 | Forest:5 | Entered Level 5 of the Enchanted Forest
108483 | Forest:5 | Reached XP level 26. EP: 61/210
108718 | Forest:5 | Noticed Mara
108845 | Forest:5 | Killed Mara
109779 | Forest:5 | Noticed Wiglaf
109823 | Forest:5 | Killed Wiglaf
110056 | Forest:5 | Noticed the Enchantress
110056 | Forest:5 | Killed the Enchantress
110126 | Forest:5 | Identified the +1 cloak of Midaastru {Dex+2 Int+3} (You found it on level 3 of the Enchanted Forest)
110133 | Forest:5 | Got a faerie dragon armour
110158 | Forest:5 | Got an ancient leather armour
110630 | Forest:5 | Reached skill level 10 in Dodging
111327 | Forest:5 | Identified the -2 leather armour of the Commoners {Dex+2 Int+4} (You found it on level 5 of the Enchanted Forest)
111339 | Forest:5 | Identified the +4 faerie dragon armour {rN+ Int-2 Acc-2 SInv Clar} (You took it off the Enchantress on level 5 of the Enchanted Forest)
113940 | Slime:6  | Entered Level 6 of the Pits of Slime
113961 | Slime:6  | Noticed M4edhros' ghost (powerful OpCK)
113963 | Slime:6  | Killed M4edhros' ghost
114288 | Slime:6  | Noticed the royal jelly
114293 | Slime:6  | Killed the royal jelly
114500 | Slime:6  | Reached skill level 15 in Evocations
115062 | Slime:6  | Got a scintillating marble ring
115064 | Slime:6  | Got a slimy rune of Zot
115079 | Slime:6  | Got a transparent leather armour
115123 | Slime:6  | Got a faintly glowing short sword
115154 | Slime:6  | Got a pitted mace
115193 | Slime:6  | Got a transparent blowgun
115601 | Hell     | Identified the +2 leather armour of Grace {Str-2 Int-3 Dam+4} (You found it on level 6 of the Pits of Slime)
115623 | Hell     | Identified the ring of Viguqaox {Ice rN+} (You found it on level 6 of the Pits of Slime)
115623 | Hell     | Identified the +7 blowgun "Kioh" {evade, Str+3} (You found it on level 6 of the Pits of Slime)
115627 | Hell     | Identified the cursed +2,+2 short sword "Icesm" {speed, -Cast +Blink rPois rF+ MR++} (You found it on level 6 of the Pits of Slime)
115632 | Hell     | Identified the +10,+8 mace "Wunkoteum" {speed, rElec rC+ rN+ Str-3} (You found it on level 6 of the Pits of Slime)
115938 | Blade    | Entered the Hall of Blades
115940 | Blade    | Reached skill level 1 in Charms
117005 | Zot:1    | Entered Level 1 of the Realm of Zot
117006 | Zot:1    | Reached skill level 5 in Charms
117006 | Zot:1    | Reached XP level 27. EP: 206/215
117013 | Zot:1    | Noticed an orb of fire
117024 | Zot:1    | Killed an orb of fire
117835 | Zot:1    | Reached skill level 10 in Charms
119352 | Zot:2    | Noticed Tiamat
119593 | Zot:2    | Killed Tiamat
120713 | Zot:3    | Reached skill level 15 in Charms
122895 | Zot:5    | Entered Level 5 of the Realm of Zot
123071 | Zot:5    | Noticed an ancient lich
123193 | Zot:5    | Noticed an orb of fire
123211 | Zot:5    | Killed an orb of fire
123376 | Zot:5    | Killed an ancient lich
123424 | Zot:5    | Noticed an ancient lich
123433 | Zot:5    | Killed an ancient lich
123625 | Zot:5    | Noticed an orb of fire
123631 | Zot:5    | Killed an orb of fire
124057 | Zot:5    | Noticed an orb of fire
124062 | Zot:5    | Killed an orb of fire
124299 | Zot:5    | Noticed an orb of fire
124316 | Zot:5    | Killed an orb of fire
124359 | Zot:5    | Noticed an orb of fire
124540 | Zot:5    | Killed an orb of fire
124827 | Zot:5    | Noticed an orb of fire
124831 | Zot:5    | Killed an orb of fire
124915 | Zot:5    | Noticed an orb of fire
124919 | Zot:5    | Killed an orb of fire
124975 | Zot:5    | Noticed an orb of fire
125120 | Zot:5    | Killed an orb of fire
125989 | Zot:5    | Noticed an orb of fire
125998 | Zot:5    | Killed an orb of fire
126544 | Depths:2 | Voluntarily entered the Abyss.
126624 | Abyss:2  | Found a corrupted altar of Lugonu.
126733 | Abyss:3  | Found a corrupted altar of Lugonu.
127328 | Abyss:3  | HP: 1/215 [wretched star/orb of energy (17)]
127331 | Abyss:3  | Found a snail-covered altar of Cheibriados.
127991 | Depths:2 | Escaped the Abyss
128055 | Hell     | Upgraded the game from 0.14-a0-1863-gcc20582 to 0.14-a0-1876-g927fc3a
128063 | Hell     | Learned a level 6 spell: Haste
128127 | Depths:2 | Voluntarily entered the Abyss.
128256 | Abyss:1  | Noticed an ancient lich
129139 | Abyss:1  | Killed an ancient lich
129471 | Depths:2 | Escaped the Abyss
130146 | Vaults:5 | Noticed Sojobo
130313 | Vaults:5 | Noticed a golden dragon
130786 | Vaults:5 | Killed a golden dragon
131603 | Vaults:5 | Got an encrusted blowgun
132586 | Vaults:5 | Killed Sojobo
133168 | Vaults:5 | Reached skill level 15 in Dodging
133250 | Vaults:5 | Got a pitted platinum ring
133409 | Vaults:5 | Identified the +7 blowgun of the Lurker {speed, -Tele Dex+1} (You took it off a vault sentinel on level 5 of the Vaults)
133701 | Vaults:5 | Got a steaming bronze ring
133848 | Vaults:5 | Got a pitted silver ring
133955 | Vaults:5 | Got a silver rune of Zot
134439 | Hell     | Identified the ring "Rutach" {Wiz rN+ Stlth-} (You took it off a vault warden on level 5 of the Vaults)
134440 | Hell     | Identified the ring of Guohat {SustAb rN+} (You took it off a yaktaur on level 5 of the Vaults)
134441 | Hell     | Identified the ring of Ephemeral Luck {Wiz Str+2 Int+3} (You took it off an ironheart preserver on level 5 of the Vaults)
134489 | Depths:2 | Voluntarily entered the Abyss.
134728 | Abyss:1  | Found a deep blue altar of Sif Muna.
135338 | Abyss:1  | Paralysed by a giant eyeball for 3 turns
137196 | Abyss:3  | Found a blossoming altar of Fedhas.
137290 | Abyss:3  | Found a blossoming altar of Fedhas.
137421 | Abyss:3  | Found a corrupted altar of Lugonu.
138737 | Abyss:3  | Noticed an ancient lich
138742 | Abyss:3  | Killed an ancient lich
139681 | Abyss:5  | Entered Level 5 of the Abyss
140024 | Abyss:5  | Slain by a spatial maelstrom

Action                   |  1- 3 |  4- 6 |  7- 9 | 10-12 | 13-15 | 16-18 | 19-21 | 22-24 | 25-27 || total
-------------------------+-------+-------+-------+-------+-------+-------+-------+-------+-------++-------
Melee: Club              |    41 |     1 |       |       |       |       |       |       |       ||    42
       Whip              |       |     9 |       |       |       |       |       |       |       ||     9
       Quarterstaff      |       |     2 |   151 |    85 |       |       |       |       |       ||   238
       Falchion          |       |       |       |    73 |       |       |       |       |       ||    73
       Flail             |       |       |       |     3 |       |       |       |       |       ||     3
       War axe           |       |       |       |    42 |   284 |    53 |    10 |    22 |   105 ||   516
       Long sword        |       |       |       |       |     1 |       |       |       |       ||     1
       Unarmed           |       |       |       |       |       |       |     5 |       |       ||     5
       Staff             |       |       |       |       |       |       |       |       |     2 ||     2
 Cast: Magic Dart        |    84 |   114 |   310 |     2 |    14 |       |       |       |       ||   524
       Mephitic Cloud    |     3 |    10 |    53 |    70 |    67 |     3 |       |     2 |     6 ||   214
       Conjure Flame     |     2 |     8 |    40 |    72 |    73 |    18 |     2 |       |     2 ||   217
       Repel Missiles    |       |     2 |     5 |       |    19 |    19 |     7 |    16 |    21 ||    89
       Blink             |       |       |     2 |    10 |    19 |     9 |     6 |    17 |    20 ||    83
       Flame Tongue      |       |       |    41 |   514 |   423 |    50 |    23 |     8 |   151 ||  1210
       Throw Flame       |       |       |       |   143 |   362 |    37 |    19 |    14 |    60 ||   635
       Fireball          |       |       |       |    63 |    73 |     3 |       |       |       ||   139
       Iskenderun's Myst |       |       |       |     9 |   154 |    58 |    39 |   102 |   201 ||   563
       Delayed Fireball  |       |       |       |       |    38 |     4 |       |     1 |     3 ||    46
       Bolt of Fire      |       |       |       |       |   238 |   432 |   155 |   125 |   800 ||  1750
       Fire Storm        |       |       |       |       |       |   169 |   333 |   379 |   820 ||  1701
       Orb of Destructio |       |       |       |       |       |       |    25 |    54 |   203 ||   282
       Haste             |       |       |       |       |       |       |       |       |    13 ||    13
       Swiftness         |       |       |       |       |       |       |       |       |     1 ||     1
 Abil: Release Delayed F |       |       |       |       |    37 |     4 |       |     2 |     2 ||    45
       Evoke Teleportati |       |       |       |       |       |     1 |       |       |       ||     1
Evoke: Wand              |       |       |     7 |       |     6 |     2 |       |       |    13 ||    28
       staff of energy   |       |       |       |       |       |       |       |       |  1452 ||  1452
  Use: Potion            |     2 |     5 |     6 |       |     2 |     3 |       |     1 |    16 ||    35
       Scroll            |       |     9 |    19 |     9 |    14 |    11 |    10 |     9 |    25 ||   106
 Stab: Confused          |     1 |     1 |     6 |    11 |     4 |       |       |       |       ||    23
       Sleeping          |       |       |     2 |       |       |       |       |       |       ||     2
       Paralysed         |       |       |     1 |     1 |       |       |       |       |       ||     2
       Petrifying        |       |       |     1 |       |       |       |       |       |       ||     1
       Petrified         |       |       |       |     1 |       |       |       |       |       ||     1
